 Dungeon Crawl Stone Soup version 0.20-a0-59-g66a9409 (webtiles) character file.

57 Faca the Skirmisher (level 4, 0/29 HPs)
             Began as a Gargoyle Fighter on Nov 16, 2016.
             Slain by a goblin (5 damage)
             ... led by Robin
             ... on level 2 of the Dungeon.
             The game lasted 00:08:11 (1407 turns).

Faca the Skirmisher (Gargoyle Fighter)              Turns: 1407, Time: 00:08:11

Health: 0/29       AC: 12    Str: 25    XL:     4   Next: 0%
Magic:  13/13      EV:  6    Int:  8    God:
Gold:   59         SH:  9    Dex: 10    Spells: 0 memorised, 3 levels left

rFire  . . .     SeeInvis .     a - +0 flail
rCold  . . .     Gourm    .     i - +0 chain mail
rNeg   + . .     Faith    .     c - +0 shield
rPois  ∞         Spirit   .     (no helmet)
rElec  +         Reflect  .     (no cloak)
rCorr  .         Harm     .     (no gloves)
MR     .....                    (no boots)
Stlth  ..........               (no amulet)
                                (no ring)
                                e - ring of magical power

@: mighty
A: negative energy resistance 1, electricity resistance, unbreathing,
petrification resistance, rot immunity, AC +3
a: no special abilities


You were on level 2 of the Dungeon.
You were not hungry.

You visited 1 branch of the dungeon, and saw 2 of its levels.

You collected 59 gold pieces.

Inventory:

Hand Weapons
 a - a +0 flail (weapon)
Armour
 c - a +0 shield (worn)
 i - a +0 chain mail (worn)
Jewellery
 e - a ring of magical power (left hand)
Scrolls
 b - a scroll of remove curse
 j - a scroll of identify
Potions
 d - a potion of might
 g - a potion of haste
Comestibles
 f - a bread ration
 h - a fruit


   Skills:
 + Level 3.7 Fighting
 + Level 2.9 Maces & Flails
 + Level 3.7 Armour
 + Level 0.1 Dodging
 + Level 3.7 Shields


You had 3 spell levels left.
You didn't know any spells.

Dungeon Overview and Level Annotations

Branches:
Dungeon (2/15)

Altars:
Cheibriados

Annotations:
D:2 Robin


Innate Abilities, Weirdness & Mutations

You are resistant to torment.
Your stone body is resilient. (AC +3)
You are immune to poison.
You resist negative energy. (rN+)
You are resistant to electric shocks. (rElec)
You can survive without breathing.
You are immune to petrification.
You are immune to rotting.


Message History

You sock the goblin!
You kill the goblin!
You have reached level 4!
You feel stronger.
The goblin no longer looks unusually strong. x2
You block the goblin's attack. Robin throws the goblin at you!
The goblin hits you but does no damage. x2
The hobgoblin hits you but does no damage.
The goblin hits you but does no damage. x3; The goblin hits you with a club.
* * * LOW HITPOINT WARNING * * *
You block the goblin's attack.
You miss the goblin.
The goblin no longer looks unusually strong. x3
You block the hobgoblin's attack.
Robin roars a battlecry!
The goblins go into a battle-frenzy!
The goblin barely misses you. The goblin hits you but does no damage.
You block the goblin's attack. The goblin hits you but does no damage.
The goblin hits you.
You die...

# # ... # #.# #.## #
#.#.r .... # ####+##.#
.. #..# # #.......#
#.##gr#
###.......#.#..#gg# #
#.........#.#..#gg#.#
.._.......#.#..#@g#.####
..........#.#.?ggg......
###.....................
#.....................
####............#.###.
#+##.###.#...#.# #.#
###...# # #.#####...#
#.#.......#


You could see Robin, 2 hobgoblins, 6 goblins and a rat.

Vanquished Creatures
  3 adders (D:2)
  An ooze (D:2)
  2 dart slugs (D:1)
  4 bats
  A giant cockroach (D:2)
  2 hobgoblins (D:1)
  4 goblins (D:2)
  2 kobolds (D:1)
  5 rats
24 creatures vanquished.

Notes
Turn   | Place    | Note
-------+----------+-------------------------------------------
     0 | D:1      | Faca the Gargoyle Fighter began the quest for the Orb.
     0 | D:1      | Reached XP level 1. HP: 14/14 MP: 1/1
   411 | D:1      | Reached XP level 2. HP: 19/19 MP: 2/2
  1279 | D:2      | Reached XP level 3. HP: 23/23 MP: 3/3
  1336 | D:2      | Found a snail-covered altar of Cheibriados.
  1394 | D:2      | Noticed Robin
  1406 | D:2      | Reached XP level 4. HP: 7/29 MP: 4/4
  1407 | D:2      | Slain by a goblin

Vault maps used:
D:1:      dpeg_arrival_rooms_c, roderic_three_in_a_row
D:2:      cheibriados_altar_1, uniq_robin, uniq_terence, uniq_sigmund,
          uniq_natasha

Action                   |  1- 3 |  4- 6 || total
-------------------------+-------+-------++-------
Melee: Flail             |   133 |     1 ||   134
  Use: Scroll            |     4 |       ||     4
       Potion            |     2 |       ||     2
  Eat: Fruit             |     2 |       ||     2
Armor: Chain mail        |   123 |     9 ||   132
       Scale mail        |     1 |       ||     1
Dodge: Dodged            |    47 |     1 ||    48
Block: Shield            |    93 |     4 ||    97
